 Dungeon Crawl Stone Soup version 0.31-a0-221-gbddc013574 (webtiles) character file.

Game seed: 10006931865982984903

12934 qw the Cleaver (level 12, -3/76 HPs)
             Began as a Gargoyle Fighter on July 4, 2023.
             Was an Elder of Okawaru.
             Slain by a skeletal warrior
             ... wielding a +0 long sword
              (10 damage)
             ... on level 11 of the Dungeon.
             The game lasted 00:05:45 (12160 turns).

qw the Cleaver (Gargoyle Fighter)                  Turns: 12160, Time: 00:05:45

Health: -3/76      AC: 30    Str: 24    XL:     12   Next: 0%
Magic:  17/18      EV:  9    Int: 10    God:    Okawaru [****..]
Gold:   342        SH:  6    Dex:  9    Spells: 11/11 levels left

rFire   . . .        Y - +1 war axe (flame)
rCold   . . .        c - +0 buckler
rNeg    + . .        v - +0 plate armour
rPois   inf          (no helmet)
rElec   +            (no cloak)
rCorr   .            s - +1 pair of gloves
SInv    .            n - +2 pair of boots
Will    ++...        k - amulet of faith Stlth
                     j - ring of willpower
HPRegen 0.32/turn    t - ring of willpower
MPRegen 0.16/turn

%: faith
@: heroic
A: sickness immunity, AC +8, negative energy resistance 1, electricity
resistance, torment resistance 1, petrification resistance
a: Renounce Religion, Heroism, Finesse


You were on level 11 of the Dungeon.
You worshipped Okawaru.
Okawaru was greatly pleased with you.
You visited 2 branches of the dungeon, and saw 12 of its levels.

You collected 590 gold pieces.
You spent 248 gold pieces at shops.


Innate Abilities, Weirdness & Mutations

You are immune to sickness and miasma.
Your stone body is resilient. (AC +8)
You are immune to poison.
You resist negative energy. (rN+)
You are resistant to electric shocks. (rElec)
You are resistant to unholy torment.
You are immune to petrification.


   Skills:
 - Level 9.0(14.0) Fighting
 + Level 11.2(16.2) Axes
 - Level 4.2(9.2) Throwing
 - Level 8.0(13.0) Armour
 - Level 2.1(7.1) Dodging
 - Level 5.1(10.1) Shields
 + Level 9.0 Invocations


You had 11 spell levels left.
You didn't know any spells.
Your spell library was empty.

Inventory:

Hand Weapons
 x - a +0 broad axe
 Y - a +1 war axe of flaming (weapon)
Armour
 c - a +0 buckler (worn)
 n - a +2 pair of boots (worn)
 s - a +1 pair of gloves (worn)
 v - a +0 plate armour (worn)
Jewellery
 b - a +6 ring of dexterity
 j - a ring of willpower (left hand)
 k - an amulet of faith (around neck)
 p - an amulet of reflection
 t - a ring of willpower (right hand)
Wands
 i - a wand of digging (2)
Scrolls
 a - 5 scrolls of identify
 r - a scroll of poison {unknown}
 y - a scroll of immolation {unknown}
 z - a scroll of silence {unknown}
Potions
 d - a potion of might
 e - 2 potions of cancellation
 f - 2 potions of magic
 g - 3 potions of curing
 h - a potion of resistance
 l - a potion of mutation
 m - a potion of lignification
 q - 3 potions of attraction

Dungeon Overview and Level Annotations

Branches:
Dungeon (11/15)            Temple (1/1) D:6            Lair (0/5) D:11
    Orc: D:9-12

Altars:
Ashenzari
Cheibriados
Dithmenos
Elyvilon
Fedhas
Gozag
Hepliaklqana
Kikubaaqudgha
Makhleb
Nemelex Xobeh
Okawaru
Qazlal
Ru
Sif Muna
Trog
Uskayaw
Vehumet
Wu Jian
Xom
Yredelemnul
Zin
The Shining One

Shops:
D:9 ?

Annotations:
D:8 1 runed translucent door, qw's ghost, novice GrFi


Message History

The skeletal warrior is heavily damaged.
The skeletal warrior hits you but does no damage.
You closely miss the skeletal warrior.
The skeletal warrior is heavily damaged.
The skeletal warrior misses you.
You closely miss the skeletal warrior.
The skeletal warrior is heavily damaged.
You hit the skeletal warrior. You burn the skeletal warrior.
The skeletal warrior is heavily damaged.
The skeletal warrior hits you but does no damage.
You barely miss the skeletal warrior.
The skeletal warrior is heavily damaged.
You feel like a meek peon again.
You block the skeletal warrior's attack.
12152 ||| INVOKING Heroism.
You gain the combat prowess of a mighty hero.
The skeletal warrior hits you but does no damage.
You hit the skeletal warrior. You burn the skeletal warrior.
The skeletal warrior is severely damaged.
You block the skeletal warrior's attack.
You hit the skeletal warrior but do no damage.
The skeletal warrior is severely damaged.
You hit the skeletal warrior but do no damage.
The skeletal warrior is severely damaged.
You block the skeletal warrior's attack.
You hit the skeletal warrior. You burn the skeletal warrior.
The skeletal warrior is severely damaged.
You block the skeletal warrior's attack.
You barely miss the skeletal warrior.
The skeletal warrior is severely damaged.
You hit the skeletal warrior. You burn the skeletal warrior.
The skeletal warrior is severely damaged.
The skeletal warrior hits you with a +0 long sword.
You slash the skeletal warrior! You burn the skeletal warrior.
The skeletal warrior is almost destroyed.
The skeletal warrior hits you but does no damage.
You barely miss the skeletal warrior.
The skeletal warrior is almost destroyed.
The skeletal warrior hits you with a +0 long sword!
You die...

#..####.##.. ##..##..(
#..# #..#.(. ### #..#..(.
#..# #.##..##.. ##......
##.# #.#...#.. #...... #.#
#.#..... #...... #.#
#.#.... #......
#.###.#...# #..#...
#.##..##.z## .##.#####
#......#.@.####...#...####
######.##[.......##.......
#..##)....###..####..
##...######...## #...
###).......### ##...
##.##...## ##.... #.....##
#..... ###..## ##.....
#..## ##.....#


You could see a skeletal warrior.

Vanquished Creatures
  A two-headed ogre (D:10)
  3 skeletal warriors (D:11)
  3 cyclopes (D:11)
  A gargoyle (D:10)
  2 unseen horrors
  A kobold demonologist (D:11)
  2 tengu conjurers (D:11)
  2 trolls
  Sigmund (D:6)
  A wraith (D:9)
  2 shadows
  A wyvern (D:8)
  21 yaks
  Grum (D:10)
  Menkaure (D:6)
  2 water moccasins (D:7)
  2 black bears
  An ice beast (D:5)
  2 ogres
  3 wolves (D:10)
  2 centaurs
  2 phantoms
  A gnoll sergeant (D:9)
  A bullfrog (D:7)
  Blork the orc (D:6)
  5 kobold brigands
  6 scorpions
  3 wights (D:8)
  11 killer bees
  A howler monkey (D:6)
  2 jellies
  2 hounds
  2 gnoll boudas
  7 orc priests
  2 iguanas
  A sleepcap (D:4)
  7 orc wizards
  18 gnolls
  6 adders
  2 shadow imps
  3 white imps
  2 worms (D:2)
  A dart slug (D:1)
  30 orcs
  6 ball pythons
  7 endoplasms
  3 giant cockroaches
  2 hobgoblins (D:3)
  2 jackals (D:2)
  4 quokkas
  3 bats
  3 frilled lizards
  7 goblins
  28 kobolds
  9 rats
245 creatures vanquished.

Notes
Turn   | Place    | Note
-------+----------+-------------------------------------------
     0 | D:1      | qw the Gargoyle Fighter began the quest for the Orb.
     0 | D:1      | Reached XP level 1. HP: 14/14 MP: 1/1
     0 | D:1      | 0 ||| qw: Version: 0.3-a-41-g9d075ac
     0 | D:1      | 0 ||| qw: Game counter: 763
     0 | D:1      | 0 ||| qw: Melee chars always use a shield: true
     0 | D:1      | 0 ||| qw: God list: Okawaru
     0 | D:1      | 0 ||| qw: Allow faded altars: false
     0 | D:1      | 0 ||| qw: Do Orc after clearing Dungeon:15 true
     0 | D:1      | 0 ||| qw: Do second Lair branch before Depths: true
     0 | D:1      | 0 ||| qw: Lair rune preference: random
     0 | D:1      | 0 ||| qw: Goals: Normal, Zot:1-4, Slime:5, God:TSO, Crypt,
                  | Tomb, Abyss, Pan, Hells, Win
     0 | D:1      | 0 ||| PLANNING D:1-11
   130 | D:1      | Reached skill level 2 in Axes
   368 | D:1      | 368 ||| Stepping ~*~*~tactically~*~*~ (hiding).
   370 | D:1      | 370 ||| Stepping ~*~*~tactically~*~*~ (hiding).
   377 | D:1      | Reached XP level 2. HP: 19/19 MP: 2/2
   839 | D:1      | 839 ||| READING scroll labelled VOEZOTHRILOI.
   887 | D:2      | Reached skill level 3 in Axes
   895 | D:2      | Reached XP level 3. HP: 18/23 MP: 3/3
  1231 | D:2      | 1231 ||| Stepping ~*~*~tactically~*~*~ (stealth).
  1232 | D:2      | 1232 ||| Stepping ~*~*~tactically~*~*~ (stealth).
  1233 | D:2      | 1233 ||| Stepping ~*~*~tactically~*~*~ (stealth).
  1278 | D:2      | 1278 ||| DROPPING +0 whip of distortion.
  1541 | D:2      | 1541 ||| DROPPING +0 club.
  1679 | D:2      | 1679 ||| DROPPING scarf of harm.
  1680 | D:2      | 1680 ||| UPGRADING to amulet of the acrobat.
  1685 | D:2      | 1685 ||| UPGRADING to ring of willpower.
  1686 | D:2      | 1686 ||| UPGRADING to +6 ring of dexterity.
  1687 | D:2      | 1687 ||| READING 2 scrolls labelled XOMMIRIMPU.
  1790 | D:3      | 1790 ||| Stepping ~*~*~tactically~*~*~ (stealth).
  1791 | D:3      | 1791 ||| Stepping ~*~*~tactically~*~*~ (stealth).
  1802 | D:3      | Reached XP level 4. HP: 28/28 MP: 4/4
  2172 | D:3      | Reached skill level 1 in Dodging
  2440 | D:3      | 2440 ||| UPGRADING to amulet of reflection.
  2450 | D:3      | 2450 ||| DROPPING amulet of the acrobat.
  2451 | D:3      | 2451 ||| DRINKING 2 grey potions.
  2452 | D:3      | 2452 ||| READING 2 scrolls of identify.
  2452 | D:3      | 2452 ||| IDENTIFYING yellow potion
  2516 | D:4      | 2516 ||| Stepping ~*~*~tactically~*~*~ (hiding).
  2517 | D:4      | 2517 ||| Stepping ~*~*~tactically~*~*~ (hiding).
  2537 | D:4      | Reached skill level 4 in Axes
  2592 | D:4      | Reached XP level 5. HP: 32/32 MP: 5/5
  2592 | D:4      | 2592 ||| DROPPING +0 mace.
  2740 | D:4      | Noticed a phantom
  2744 | D:4      | Reached skill level 5 in Axes
  2749 | D:4      | Reached XP level 6. HP: 28/38 MP: 6/6
  2756 | D:4      | HP: 9/38 [gnoll/+0 spear[a gnoll bouda] (4)]
  2757 | D:4      | 2757 ||| READING 2 scrolls of teleportation.
  2758 | D:4      | HP: 4/39 [phantom (4)]
  2954 | D:4      | 2954 ||| Stepping ~*~*~tactically~*~*~ (stealth).
  2956 | D:4      | 2956 ||| Stepping ~*~*~tactically~*~*~ (hiding).
  2985 | D:4      | 2985 ||| Stepping ~*~*~tactically~*~*~ (stealth).
  3076 | D:4      | 3076 ||| Stepping ~*~*~tactically~*~*~ (hiding).
  3252 | D:4      | 3252 ||| READING 2 scrolls labelled JOZXOA YMASIBENN.
  3253 | D:4      | 3253 ||| DRINKING 2 bubbling puce potions.
  3254 | D:4      | 3254 ||| DROPPING scroll of fear.
  3273 | D:5      | Entered Level 5 of the Dungeon
  3302 | D:5      | Reached skill level 6 in Axes
  3302 | D:5      | Reached XP level 7. HP: 31/44 MP: 7/7
  3380 | D:5      | 3380 ||| FLEEEEING.
  3386 | D:5      | 3386 ||| STAIRDANCE
  3569 | D:5      | Reached skill level 7 in Axes
  3685 | D:5      | 3685 ||| Stepping ~*~*~tactically~*~*~ (hiding).
  3772 | D:5      | 3772 ||| Stepping ~*~*~tactically~*~*~ (stealth).
  3798 | D:5      | Reached skill level 1 in Throwing
  3798 | D:5      | Reached XP level 8. HP: 44/49 MP: 8/8
  3946 | D:5      | 3946 ||| Stepping ~*~*~tactically~*~*~ (hiding).
  3949 | D:5      | 3949 ||| Stepping ~*~*~tactically~*~*~ (hiding).
  3950 | D:5      | 3950 ||| Stepping ~*~*~tactically~*~*~ (hiding).
  3958 | D:5      | 3958 ||| FLEEEEING.
  3962 | D:5      | 3962 ||| FLEEEEING.
  3971 | D:5      | 3971 ||| STAIRDANCE
  4004 | D:4      | 4004 ||| UPGRADING to +2 pair of boots.
  4009 | D:4      | 4009 ||| READING 2 scrolls of identify.
  4009 | D:4      | 4009 ||| IDENTIFYING metallic golden potion
  4140 | D:5      | Identified the +3 dagger "Killer Bee's Foe" {antimagic,
                  | Int+2 Dex+2 Stlth+}
  4295 | D:5      | 4295 ||| Stepping ~*~*~tactically~*~*~ (stealth).
  4298 | D:5      | 4298 ||| Stepping ~*~*~tactically~*~*~ (stealth).
  4340 | D:5      | 4340 ||| UPGRADING to ring of willpower.
  4427 | D:6      | Reached skill level 8 in Axes
  4820 | D:6      | Noticed Menkaure
  4821 | D:6      | 4821 ||| Stepping ~*~*~tactically~*~*~ (hiding).
  4825 | D:6      | Noticed Blork the orc
  4829 | D:6      | Killed Blork the orc
  4830 | D:6      | HP: 7/51 [Menkaure (16)]
  4831 | D:6      | 4831 ||| READING scroll of teleportation.
  4832 | D:6      | Killed Menkaure
  4833 | D:6      | Reached skill level 6 in Fighting
  5121 | D:6      | Found a staircase to the Ecumenical Temple.
  5122 | D:6      | 5122 ||| PLANNING TEMPLE
  5122 | D:6      | 5122 ||| UPGRADING to +0 pair of gloves.
  5127 | D:6      | 5127 ||| DRINKING 2 purple potions.
  5146 | Temple   | Entered the Ecumenical Temple
  5202 | Temple   | 5202 ||| PLANNING OKAWARU WORSHIP
  5487 | Temple   | Became a worshipper of Warmaster Okawaru
  5488 | Temple   | 5488 ||| PLANNING D:1-11
  5587 | D:6      | 5587 ||| Stepping ~*~*~tactically~*~*~ (hiding).
  5591 | D:6      | 5591 ||| Stepping ~*~*~tactically~*~*~ (hiding).
  5599 | D:6      | Noticed Sigmund
  5605 | D:6      | Reached XP level 9. HP: 53/56 MP: 9/9
  5639 | D:6      | Killed Sigmund
  5640 | D:6      | Reached skill level 9 in Axes
  6057 | D:6      | 6057 ||| UPGRADING to amulet of faith.
  6107 | D:7      | 6107 ||| STAIRDANCE
  6229 | D:7      | 6229 ||| Stepping ~*~*~tactically~*~*~ (stealth).
  6230 | D:7      | 6230 ||| Stepping ~*~*~tactically~*~*~ (stealth).
  6840 | D:7      | Reached * piety under Okawaru
  6899 | D:7      | 6899 ||| UPGRADING to +0 plate armour.
  6909 | D:7      | 6909 ||| DROPPING +0 scale mail.
  6910 | D:7      | 6910 ||| READING 3 scrolls of identify.
  6910 | D:7      | 6910 ||| IDENTIFYING smoky dark potion
  6911 | D:7      | 6911 ||| READING 2 scrolls of identify.
  6911 | D:7      | 6911 ||| IDENTIFYING fizzy dark potion
  6912 | D:7      | 6912 ||| DROPPING potion of berserk rage.
  6942 | D:8      | Reached skill level 1 in Invocations
  7039 | D:8      | 7039 ||| Stepping ~*~*~tactically~*~*~ (stealth).
  7041 | D:8      | 7041 ||| Stepping ~*~*~tactically~*~*~ (hiding).
  7043 | D:8      | 7043 ||| Stepping ~*~*~tactically~*~*~ (hiding).
  7111 | D:8      | 7111 ||| Stepping ~*~*~tactically~*~*~ (hiding).
  7114 | D:8      | 7114 ||| Stepping ~*~*~tactically~*~*~ (hiding).
  7123 | D:8      | 7123 ||| Stepping ~*~*~tactically~*~*~ (stealth).
  7200 | D:8      | Found a runed translucent door.
  7200 | D:8      | Noticed qw's ghost (novice GrFi)
  7239 | D:8      | 7239 ||| Stepping ~*~*~tactically~*~*~ (stealth).
  7241 | D:8      | 7241 ||| Stepping ~*~*~tactically~*~*~ (stealth).
  7243 | D:8      | 7243 ||| Stepping ~*~*~tactically~*~*~ (stealth).
  7253 | D:8      | 7253 ||| INVOKING Heroism.
  7255 | D:8      | Reached skill level 3 in Invocations
  7268 | D:8      | HP: 8/57 [yak (12)]
  7269 | D:8      | 7269 ||| READING 3 scrolls of teleportation.
  7272 | D:8      | Reached ** piety under Okawaru
  7273 | D:8      | Reached skill level 6 in Armour
  7273 | D:8      | Reached XP level 10. HP: 10/63 MP: 10/13
  7273 | D:8      | 7273 ||| INVOKING Heroism.
  7276 | D:8      | 7276 ||| READING 2 scrolls of teleportation.
  7725 | D:8      | Reached skill level 10 in Axes
  7730 | D:8      | Found a glowing golden altar of the Shining One.
  7730 | D:8      | Found an opulent altar of Gozag.
  8030 | D:8      | 8030 ||| READING 2 scrolls labelled CATWIBL JAMMAZ.
  8031 | D:8      | 8031 ||| READING scroll of enchant armour.
  8031 | D:8      | 8031 ||| ENCHANTING +0 pair of gloves.
  8032 | D:8      | 8032 ||| READING scroll labelled CAIVEL JONAO.
  8033 | D:8      | 8033 ||| DRINKING 2 fizzy cyan potions.
  8058 | D:9      | Found Wic Dohoont's Magic Scroll Shop.
  8068 | D:9      | 8068 ||| STAIRDANCE
  8152 | D:9      | 8152 ||| BUYING 2 scrolls of identify (64 gold).
  8152 | D:9      | Bought 2 scrolls of identify for 64 gold pieces
  8152 | D:9      | 8152 ||| BUYING scroll of brand weapon (152 gold).
  8152 | D:9      | Bought a scroll of brand weapon for 152 gold pieces
  8152 | D:9      | 8152 ||| SHOPLISTING scroll of brand weapon (152 gold, have
                  | 34).
  8152 | D:9      | 8152 ||| SHOPLISTING scroll of enchant armour (120 gold,
                  | have 34).
  8152 | D:9      | 8152 ||| BUYING scroll of identify (32 gold).
  8152 | D:9      | Bought a scroll of identify for 32 gold pieces
  8152 | D:9      | 8152 ||| SHOPLISTING scroll of identify (32 gold, have 2).
  8152 | D:9      | 8152 ||| SHOPLISTING scroll of teleportation (48 gold, have
                  | 2).
  8152 | D:9      | 8152 ||| READING scroll of brand weapon.
  8152 | D:9      | 8152 ||| BRANDING +1 war axe.
  8153 | D:9      | 8153 ||| DROPPING +0 flail.
  8261 | D:9      | 8261 ||| INVOKING Heroism.
  8579 | D:9      | Reached *** piety under Okawaru
  8814 | D:9      | 8814 ||| Stepping ~*~*~tactically~*~*~ (hiding).
  9058 | D:10     | Entered Level 10 of the Dungeon
  9066 | D:10     | 9066 ||| STAIRDANCE
  9112 | D:10     | 9112 ||| FLEEEEING.
  9118 | D:10     | 9118 ||| Stepping ~*~*~tactically~*~*~ (hiding).
  9120 | D:10     | 9120 ||| Stepping ~*~*~tactically~*~*~ (hiding).
  9142 | D:10     | 9142 ||| Stepping ~*~*~tactically~*~*~ (hiding).
  9143 | D:10     | 9143 ||| Stepping ~*~*~tactically~*~*~ (hiding).
  9145 | D:10     | 9145 ||| Stepping ~*~*~tactically~*~*~ (hiding).
  9146 | D:10     | 9146 ||| Stepping ~*~*~tactically~*~*~ (hiding).
  9245 | D:10     | Noticed a gargoyle
  9250 | D:10     | Killed a gargoyle
  9354 | D:10     | Noticed a two-headed ogre
  9355 | D:10     | 9355 ||| INVOKING Heroism.
  9365 | D:10     | Killed a two-headed ogre
  9365 | D:10     | Reached **** piety under Okawaru
  9366 | D:10     | Reached skill level 11 in Axes
  9499 | D:10     | 9499 ||| Stepping ~*~*~tactically~*~*~ (hiding).
  9645 | D:10     | 9645 ||| Stepping ~*~*~tactically~*~*~ (stealth).
  9658 | D:10     | Reached XP level 11. HP: 62/69 MP: 14/14
  9665 | D:10     | Received a gift from Okawaru
  9668 | D:10     | 9668 ||| INVOKING Heroism.
  9675 | D:10     | Reached skill level 9 in Fighting
  9840 | D:10     | 9840 ||| INVOKING Heroism.
  9945 | D:10     | Noticed Grum
  9946 | D:10     | 9946 ||| Stepping ~*~*~tactically~*~*~ (stealth).
  9948 | D:10     | 9948 ||| Stepping ~*~*~tactically~*~*~ (hiding).
  9954 | D:10     | 9954 ||| INVOKING Heroism.
  9960 | D:10     | Reached skill level 6 in Invocations
  9966 | D:10     | Killed Grum
  9974 | D:10     | 9974 ||| Stepping ~*~*~tactically~*~*~ (stealth).
  9980 | D:10     | 9980 ||| Stepping ~*~*~tactically~*~*~ (stealth).
 10323 | D:10     | 10323 ||| DROPPING ring of magical power.
 10324 | D:10     | 10324 ||| READING 5 scrolls of identify.
 10324 | D:10     | 10324 ||| IDENTIFYING white potion
 10377 | D:11     | 10377 ||| INVOKING Heroism.
 10596 | D:11     | Noticed a cyclops
 10597 | D:11     | 10597 ||| INVOKING Heroism.
 10606 | D:11     | Killed a cyclops
 10606 | D:11     | Received a gift from Okawaru
 10607 | D:11     | Reached skill level 3 in Throwing
 10691 | D:11     | Found a staircase to the Lair.
 10712 | D:11     | 10712 ||| Stepping ~*~*~tactically~*~*~ (stealth).
 10726 | D:11     | 10726 ||| INVOKING Heroism.
 10876 | D:11     | Noticed a cyclops
 10877 | D:11     | 10877 ||| INVOKING Heroism.
 10879 | D:11     | Noticed a cyclops
 10894 | D:11     | Killed a cyclops
 10894 | D:11     | Killed a cyclops
 10894 | D:11     | Reached ***** piety under Okawaru
 10975 | D:11     | 10975 ||| INVOKING Heroism.
 10985 | D:11     | Received a gift from Okawaru
 11442 | D:11     | Noticed a skeletal warrior
 11442 | D:11     | Noticed a skeletal warrior
 11442 | D:11     | Noticed a skeletal warrior
 11443 | D:11     | 11443 ||| Stepping ~*~*~tactically~*~*~ (hiding).
 11445 | D:11     | 11445 ||| INVOKING Heroism.
 11453 | D:11     | Killed a skeletal warrior
 11458 | D:11     | HP: 13/71 [skeletal warrior/+0 trident (8)]
 11459 | D:11     | 11459 ||| READING 2 scrolls of teleportation.
 11460 | D:11     | 11460 ||| DRINKING potion of heal wounds.
 11635 | D:11     | Noticed a skeletal warrior
 11637 | D:11     | 11637 ||| Stepping ~*~*~tactically~*~*~ (hiding).
 11638 | D:11     | 11638 ||| INVOKING Heroism.
 11651 | D:11     | HP: 10/71 [skeletal warrior/+0 trident (13)]
 11652 | D:11     | 11652 ||| READING scroll of teleportation.
 11916 | D:11     | 11916 ||| INVOKING Heroism.
 11928 | D:11     | 11928 ||| INVOKING Heroism.
 11936 | D:11     | Killed a skeletal warrior
 11942 | D:11     | 11942 ||| FLEEEEING.
 12105 | D:11     | 12105 ||| INVOKING Heroism.
 12119 | D:11     | Killed a skeletal warrior
 12120 | D:11     | Reached skill level 9 in Invocations
 12120 | D:11     | Reached XP level 12. HP: 48/76 MP: 16/18
 12141 | D:11     | HP: 11/76 [skeletal warrior/+0 long sword (17)]
 12143 | D:11     | HP: 5/76 [skeletal warrior/+0 long sword (7)]
 12152 | D:11     | 12152 ||| INVOKING Heroism.
 12158 | D:11     | HP: 6/76 [skeletal warrior/+0 long sword (2)]
 12160 | D:11     | Slain by a skeletal warrior

Levels and vault maps discovered:
D:1:      scummos_arrival_simple_crosswalls, layout_basic
D:2:      layout_loops_ring, grunt_ministairs_14
D:3:      layout_basic
D:4:      layout_basic
D:5:      layout_loops_ring, minmay_checkerbox
D:6:      layout_gridville, minmay_temple_entry_ruins, uniq_blork_the_orc,
          uniq_sigmund, uniq_menkaure
D:7:      layout_gridville
D:8:      layout_cave_pods, gammafunk_temple_overflow_elements,
          hellmonk_ghost_happy_afterlife
D:9:      layout_long_grid, serial_shops, shop
D:10:     layout_irregular_city, uniq_grum
D:11:     layout_cave_pods, lair_entry_dummy,
          hellmonk_guarded_unrand_sphere_of_battle
Temple:   mainiacjoe_temple_cubbyholes

Skill      XL: |  1  2  3  4  5  6  7  8  9 10 11 |
---------------+----------------------------------+-----
Axes           | 2 3 4 5 6 7 8 9 11 | 11.2
Dodging        | 1 2 |  2.1
Fighting       | 4 5 6 7 8 9 |  9.0
Throwing       | 1 4 |  4.2
Shields        | 4 5 |  5.1
Invocations    | 4 9 |  9.0
Armour         | 6 7 8 |  8.0

Action                     |  1- 3 |  4- 6 |  7- 9 | 10-12 || total
---------------------------+-------+-------+-------+-------++-------
  Melee: War axe           |    84 |   146 |   316 |   383 ||   929
  Throw: Boomerang         |       |    29 |    31 |       ||    60
         Javelin           |       |       |       |     7 ||     7
 Invoke: Heroism           |       |       |     1 |    17 ||    18
    Use: Scroll            |     2 |     3 |     5 |     8 ||    18
         Potion            |       |     2 |     1 |     2 ||     5
   Stab: Distracted        |       |       |       |     1 ||     1
 Armour: Scale mail        |    32 |    51 |   125 |       ||   208
         Plate armour      |       |       |    51 |   264 ||   315
  Dodge: Dodged            |    18 |    68 |   117 |   146 ||   349
  Block: Buckler           |    12 |    79 |   126 |   111 ||   328
         Reflection        |       |     1 |     3 |       ||     4

Table legend:
 A = Non-vault XP
 B = Vault XP
 C = Vault XP percentage of total XP
 D = Non-vault monster count
 E = Vault monster count
 F = Vault count percentage of total count
                 A         B        C        D         E       F
            +---------+---------+-------+---------+---------+-------
      Total |   16564 |    1914 |  10.4 |     230 |      15 |   6.1
            +---------+---------+-------+---------+---------+-------
        D:1 |      25 |       0 |   0.0 |      15 |       0 |   0.0
        D:2 |      49 |       4 |   7.5 |      19 |       2 |   9.5
        D:3 |      32 |       0 |   0.0 |      13 |       0 |   0.0
        D:4 |     467 |       0 |   0.0 |      30 |       0 |   0.0
        D:5 |     734 |     306 |  29.4 |      18 |       4 |  18.2
        D:6 |     866 |     431 |  33.2 |      28 |       3 |   9.7
        D:7 |     502 |       0 |   0.0 |       7 |       0 |   0.0
        D:8 |    1972 |       0 |   0.0 |      39 |       0 |   0.0
        D:9 |    1592 |       0 |   0.0 |      16 |       0 |   0.0
       D:10 |    4078 |     531 |  11.5 |      25 |       4 |  13.8
       D:11 |    6247 |     642 |   9.3 |      20 |       2 |   9.1
            +---------+---------+-------+---------+---------+-------
